 Dungeon Crawl Stone Soup version 0.30-a0-953-g5f1da4a474 (webtiles) character file.

Game seed: 12634109538822699912

44 Newt the Shooter (level 3, 0/24 HPs)
             Began as a Kobold Hunter on Mar 28, 2023.
             Slain by an adder (4 damage)
             ... on level 2 of the Dungeon.
             The game lasted 00:00:49 (941 turns).

Newt the Shooter (Kobold Hunter)                     Turns: 941, Time: 00:00:50

Health: 0/24       AC:  4    Str:  7 (8)  XL:     3   Next: 85%
Magic:  3/3        EV: 14    Int:  7 (10) God:
Gold:   48         SH:  0    Dex: 17 (20) Spells: 2/2 levels left

rFire   . . .      SeeInvis .    a - +0 shortbow
rCold   . . .      Faith    .    (shield currently unavailable)
rNeg    . . .      Spirit   .    c - +1 leather armour
rPois   .          Reflect  .    (no helmet)
rElec   .          Rampage  .    (no cloak)
rCorr   .                        (no gloves)
Will    .....                    (no boots)
Stlth   +++                      (no amulet)
HPRegen 0.24/turn                (no ring)
MPRegen 0.08/turn                (no ring)

@: lethally poisoned (0 -> -4)
A: small, no large weapons, nightstalker 3
a: no special abilities


You were on level 2 of the Dungeon.
You visited 1 branch of the dungeon, and saw 2 of its levels.

You collected 48 gold pieces.

Inventory:

Hand Weapons
 a - a +0 shortbow (weapon)
Armour
 c - a +1 leather armour (worn)
Scrolls
 b - a scroll of immolation
 e - a scroll of blinking {unknown}
Potions
 d - a potion of invisibility {unknown}
 f - a potion of degeneration
 g - 2 potions of resistance {unknown}


   Skills:
 + Level 4.2 Fighting
 - Level 5.3 Ranged Weapons
 - Level 2.4 Dodging
 - Level 1.3 Stealth


You had 2 spell levels left.
You didn't know any spells.
Your spell library was empty.

Dungeon Overview and Level Annotations

Branches:
Dungeon (2/15)

Altars:


Innate Abilities, Weirdness & Mutations

You are small and have problems with some larger weapons.
You are completely attuned to the shadows.


Message History

You shoot an arrow. The arrow barely misses the worm.
An adder comes into view.
You shoot an arrow. The arrow barely misses the worm.
You shoot an arrow. The arrow hits the worm.
The worm is moderately wounded.
The worm bites you!
You shoot an arrow. The arrow barely misses the worm.
The arrow hits the fungus!
The fungus begins to die.
The fungus is lightly damaged.
The adder bites you.
You are poisoned.
The adder poisons you! The adder closely misses you.
You are too injured to fight recklessly!
You are too injured to fight recklessly!
Unknown command.
You are too injured to fight recklessly!
You feel sick.
You feel sick. The adder barely misses you.
You feel sick.
You shoot an arrow. The arrow hits the adder.
The adder is lightly wounded.
You feel sick.
You hear an angry hiss.
An adder comes into view.
The adder bites you.
* * * LOW HITPOINT WARNING * * *
The adder bites you but does no damage.
Okay, then.
You shoot an arrow. The arrow closely misses the adder.
You feel sick. The adder bites you.
* * * LOW HITPOINT WARNING * * *
You are lethally poisoned!
The adder poisons you! The adder barely misses you.
Unknown command.
It was a potion of degeneration.
There was something very wrong with that liquid.
You feel weakened.
You feel dopey.
You feel clumsy.
* * * LOW HITPOINT WARNING * * *
You feel sick. The adder bites you.
You die...

#.#.#... #...... ..#
....... #.# # ##
#.#...### #.# .###..
#.......####.#####PP...
##...#.......@S##..P..
##.#######.###w.....P
#.# #.# #...P... #.#
#.# #....... #(# #.#
###P.... ####.#######.#
#.PPP. .........†...#
###. ######.#########
#.......#


You could see a worm and an adder.

Vanquished Creatures
  An adder (D:2)
  A dart slug (D:2)
  6 ball pythons (D:1)
  3 endoplasms (D:1)
  2 giant cockroaches (D:1)
  3 goblins (D:2)
  3 hobgoblins
  A quokka (D:1)
  4 bats
  2 kobolds (D:1)
  4 rats
30 creatures vanquished.

Vanquished Creatures (others)
  11 demonic plants (D:2)
  6 fungi (D:2)
  3 withered plants (D:2)
20 creatures vanquished.

Grand Total: 50 creatures vanquished

Notes
Turn   | Place    | Note
-------+----------+-------------------------------------------
     0 | D:1      | Newt the Kobold Hunter began the quest for the Orb.
     0 | D:1      | Reached XP level 1. HP: 12/12 MP: 1/1
   170 | D:1      | Reached XP level 2. HP: 18/18 MP: 2/2
   295 | D:1      | You fall into a shaft and drop 1 floor!
   381 | D:2      | Reached XP level 3. HP: 21/24 MP: 3/3
   941 | D:2      | Slain by an adder

Illustrated notes

Levels and vault maps discovered:
D:1:      sevenhm_arrival_forest_fort_small_5, layout_rooms,
          minmay_misc_feat_ornament
D:2:      layout_loops_ring, shapermc_ecumenical_altar_gd

Skill      XL: |  1  2  3 |
---------------+----------+-----
Fighting       | 3 4 |  4.2
Ranged Weapons | |  5.3
Dodging        | |  2.4
Stealth        | |  1.3

Action                     || total
---------------------------++-------
   Fire: Shortbow          ||    75
    Use: Scroll            ||     3
         Potion            ||     1
 Armour: Leather armour    ||    12
  Dodge: Dodged            ||    38

Table legend: (Time is in decaauts)
 A = Elapsed time spent in this place.
 B = Non-inter-level travel time spent in this place.
 C = Inter-level travel time spent in this place.
 D = Time resting spent in this place.
 E = Time spent auto-exploring this place.
 F = Levels seen in this place.
 G = Mean time per level.
                   A        B        C        D        E       F      G
               +--------+--------+--------+--------+--------+-----+--------+
         Total |    970 |    939 |     31 |     36 |    749 |   2 |  485.0 |
       Dungeon |    970 |    939 |     31 |     36 |    749 |   2 |  485.0 |
               +--------+--------+--------+--------+--------+-----+--------+

Top non-repeatable levels by time:
     D:1: 675 daAuts
     D:2: 294 daAuts
